 Dungeon Crawl Stone Soup version 0.17-a0-1479-g4041c36 (webtiles) character file.

129 hexophile the Magician (level 5, -3/42 HPs)
             Began as a Naga Wizard on July 3, 2015.
             Slain by Crazy Yiuf
             ... wielding a +4 quarterstaff of chaos
              (15 damage)
             ... on level 3 of the Dungeon.
             The game lasted 00:07:38 (5585 turns).

hexophile the Magician (Naga Wizard)                Turns: 5585, Time: 00:07:38

Health: -3/42      AC:  4    Str:  9    XL:     5   Next: 12%
Magic:  1/11       EV: 10    Int: 20    God:
Gold:   172        SH:  0    Dex:  9    Spells: 4 memorised, 3 levels left

rFire  . . .     SeeInvis +     e - +1 dagger
rCold  . . .     Clarity  .     a - +0 robe
rNeg   . . .     SustAt   +     (no shield)
rPois  +         Gourm    .     b - +0 hat
rElec  .         Spirit   .     (no cloak)
rCorr  .         Warding  .     j - +1 pair of gloves
rMut   .         Stasis   .     (no barding)
MR     .....                    (no amulet)
Stlth  ++........               (no ring)
                                n - ring of sustain attributes

@: slowed, drained, very slow, not resistant to hostile enchantments, unstealthy
A: see invisible, deformed body, poison resistance, slowness 2, slow metabolism
1, spit poison 2, AC +1
a: Spit Poison


You were on level 3 of the Dungeon.
You were not hungry.

You visited 1 branch of the dungeon, and saw 3 of its levels.

You collected 172 gold pieces.

Inventory:

Hand weapons
 e - a +1 dagger (weapon)
Missiles
 h - 77 stones (quivered)
Armour
 a - a +0 robe (worn)
 b - a +0 hat (worn)
 j - a +1 pair of gloves (worn)
Jewellery
 n - a ring of sustain attributes (left hand)
Scrolls
 g - 2 scrolls of identify
Potions
 f - 3 potions of invisibility
 i - a potion of brilliance
Books
 c - a book of Minor Magic

   Spells                             Type                      Level
   a - Magic Dart                     Conjuration                  1
   b - Blink                          Translocation                2
   c - Call Imp                       Summoning                    2
   d - Repel Missiles                 Charms/Air                   2
   e - Slow                           Hexes                        2
   f - Conjure Flame                  Conjuration/Fire             3
   g - Mephitic Cloud                 Conjuration/Poison/Air       3
Comestibles
 d - 4 bread rations


   Skills:
 + Level 1.9(1.7) Dodging
 - Level 3.0(2.7) Stealth
 * Level 4.0(3.8) Spellcasting
 * Level 3.1(2.8) Conjurations
   Level 1.0(0.7) Summonings
 - Level 1.0(0.7) Translocations
 + Level 0.2(0.0) Fire Magic
 + Level 1.0(0.7) Air Magic


You had 3 spell levels left.
You knew the following spells:

 Your Spells              Type           Power        Failure   Level  Hunger
a - Magic Dart            Conj           ###.         4%          1    None
b - Blink                 Tloc           N/A          17%         2    ##.....
c - Conjure Flame         Conj/Fire      #.......     24%         3    ###....
d - Mephitic Cloud        Conj/Pois/Air  #.......     24%         3    ###....


Dungeon Overview and Level Annotations

Branches:
Dungeon (3/15)

Altars:
Ashenzari
Kikubaaqudgha

Annotations:
D:3 Crazy Yiuf, Grinder


Innate Abilities, Weirdness & Mutations

You cannot wear boots.
Your serpentine skin is tough (AC +1).
You have supernaturally acute eyesight.
Armour fits poorly on your strangely shaped body.
Your system is resistant to poisons.
You cover ground very slowly.
You have a slow metabolism.
You can spit poison.


Message History

Crazy Yiuf is lightly wounded.
Crazy Yiuf hits you with a quarterstaff of chaos!
* * * LOW HITPOINT WARNING * * *
Unknown command.
Drink which item? (? for menu, Esc to quit)
You feel much better.
You have got your breath back.
Crazy Yiuf barely misses you. Crazy Yiuf misses you.
Read which item? (? for menu, Esc to quit)
Okay, then.
Eat which item? (? for menu, Esc to quit)
Crazy Yiuf hits you with a quarterstaff of chaos!
Crazy Yiuf draws strength from your injuries!
That beef jerky was delicious!
You hit Crazy Yiuf.
Crazy Yiuf is lightly wounded.
Crazy Yiuf hits you with a quarterstaff of chaos!
* * * LOW HITPOINT WARNING * * *
Crazy Yiuf hits you with a quarterstaff of chaos!
You die...

####### ## #.....# #.
♣♣♣♣♣###.###.# #. ###
♣♣♣.♣...##.# #.# #. #####
#...#♣g@♣.PP....###.###. #...#
#...'.♣♣♣♣PP............ #..>#
#)..#♣♣ ♣♣♣.#...##.##.. #.#.#
### ♣###..##..... #.#.#
#.......... #.#.# ##...#.##..
#.#.########### ###..#.#.##..
###.#...#....##.# ##'##.#.#.##..
#............##.###.............


You could see Crazy Yiuf.

Vanquished Creatures
  A worker ant (D:3)
  2 adders
  7 worms
  A giant gecko (D:1)
  An orc (D:3)
  A giant cockroach (D:1)
  13 hobgoblins
  4 jackals (D:3)
  A ball python (D:1)
  9 bats
  3 giant newts (D:1)
  12 goblins
  8 kobolds
  3 quokkas
  6 rats
  A fungus (D:3)
73 creatures vanquished.

Notes
Turn   | Place    | Note
--------------------------------------------------------------
     0 | D:1      | hexophile the Naga Wizard began the quest for the Orb.
     0 | D:1      | Reached XP level 1. HP: 15/15 MP: 4/4
   926 | D:1      | Reached XP level 2. HP: 22/22 MP: 4/6
  1751 | D:1      | Found a shattered altar of Ashenzari.
  2050 | D:1      | Reached XP level 3. HP: 28/28 MP: 6/8
  2059 | D:1      | Learned a level 2 spell: Blink
  2063 | D:1      | Learned a level 3 spell: Conjure Flame
  2067 | D:1      | Learned a level 3 spell: Mephitic Cloud
  3977 | D:3      | Reached XP level 4. HP: 32/36 MP: 1/9
  4332 | D:3      | Found an ancient bone altar of Kikubaaqudgha.
  4624 | D:3      | Reached skill level 4 in Spellcasting
  5003 | D:3      | Reached XP level 5. HP: 42/42 MP: 4/11
  5009 | D:3      | Noticed Grinder
  5009 | D:3      | Paralysed by Grinder for 6 turns
  5111 | D:3      | Reached skill level 1 in Air Magic
  5562 | D:3      | Noticed Crazy Yiuf
  5585 | D:3      | Slain by Crazy Yiuf

Vault maps used:
D:1:      ncdulo_wetmaze, ashenzari_altar_1
D:2:      st_stairs_4
D:3:      lemuel_crystal_altar, first_bread, uniq_grinder,
          uniq_crazy_yiuf_cottage

Action                   |  1- 3 |  4- 6 || total
-------------------------+-------+-------++-------
Melee: Unarmed           |     2 |       ||     2
       Dagger            |     8 |    61 ||    69
 Cast: Magic Dart        |   115 |    87 ||   202
       Conjure Flame     |       |     1 ||     1
       Mephitic Cloud    |       |     1 ||     1
 Abil: Spit Poison       |     5 |    11 ||    16
  Use: Scroll            |     2 |     2 ||     4
       Potion            |     3 |     4 ||     7
  Eat: Chunk             |     6 |     4 ||    10
       Beef jerky        |       |     1 ||     1
